[gd_scene load_steps=26 format=2]

[ext_resource path="res://Assets/character/main character/Idle (14).png" type="Texture" id=1]
[ext_resource path="res://Assets/character/main character/Idle (15).png" type="Texture" id=2]
[ext_resource path="res://Assets/character/main character/Idle (13).png" type="Texture" id=3]
[ext_resource path="res://Assets/character/main character/Idle (12).png" type="Texture" id=4]
[ext_resource path="res://Assets/character/main character/Idle (11).png" type="Texture" id=5]
[ext_resource path="res://Assets/character/main character/Idle (16).png" type="Texture" id=6]
[ext_resource path="res://Assets/character/main character/Idle (5).png" type="Texture" id=7]
[ext_resource path="res://Assets/character/main character/Idle (2).png" type="Texture" id=8]
[ext_resource path="res://Assets/character/main character/Idle (6).png" type="Texture" id=9]
[ext_resource path="res://Assets/character/main character/Idle (9).png" type="Texture" id=10]
[ext_resource path="res://Assets/character/main character/Idle (3).png" type="Texture" id=11]
[ext_resource path="res://Assets/character/main character/Idle (4).png" type="Texture" id=12]
[ext_resource path="res://Assets/character/main character/Idle (10).png" type="Texture" id=13]
[ext_resource path="res://Assets/character/main character/Idle (8).png" type="Texture" id=14]
[ext_resource path="res://Assets/character/main character/Idle (1).png" type="Texture" id=15]
[ext_resource path="res://Assets/character/main character/Idle (7).png" type="Texture" id=16]
[ext_resource path="res://Assets/Fonts/ChallengeDone.tres" type="DynamicFont" id=17]
[ext_resource path="res://Assets/object/puzzleGreen.png" type="Texture" id=18]
[ext_resource path="res://Assets/Fonts/Raw/continuum bold.ttf" type="DynamicFontData" id=19]
[ext_resource path="res://Assets/Fonts/Raw/PersonifiedUXRegular.ttf" type="DynamicFontData" id=20]
[ext_resource path="res://Scripts/Level1/Challenge1Done.gd" type="Script" id=21]
[ext_resource path="res://Assets/sound/level_up.ogg" type="AudioStream" id=22]

[sub_resource type="SpriteFrames" id=1]
animations = [ {
"frames": [ ExtResource( 15 ), ExtResource( 8 ), ExtResource( 11 ), ExtResource( 12 ), ExtResource( 7 ), ExtResource( 9 ), ExtResource( 16 ), ExtResource( 14 ), ExtResource( 10 ), ExtResource( 13 ), ExtResource( 5 ), ExtResource( 4 ), ExtResource( 3 ), ExtResource( 1 ), ExtResource( 2 ), ExtResource( 6 ) ],
"loop": true,
"name": "diri_kanan",
"speed": 15.0
} ]

[sub_resource type="DynamicFont" id=2]
size = 28
font_data = ExtResource( 19 )

[sub_resource type="DynamicFont" id=3]
size = 45
font_data = ExtResource( 20 )

[node name="Control" type="Control"]
anchor_right = 1.0
anchor_bottom = 1.0
__meta__ = {
"_edit_use_anchors_": false
}

[node name="ColorRect" type="ColorRect" parent="."]
anchor_right = 1.0
anchor_bottom = 1.0
margin_top = -15.1191
margin_bottom = -15.1191
color = Color( 0.976471, 0.960784, 0.0117647, 1 )
__meta__ = {
"_edit_use_anchors_": false
}

[node name="AnimatedSprite" type="AnimatedSprite" parent="."]
position = Vector2( 232, 272 )
frames = SubResource( 1 )
animation = "diri_kanan"
frame = 13
playing = true

[node name="Label" type="Label" parent="."]
margin_left = 440.0
margin_top = 88.0
margin_right = 1188.0
margin_bottom = 267.0
custom_fonts/font = ExtResource( 17 )
custom_colors/font_color = Color( 0, 0, 0, 1 )
custom_constants/line_spacing = 13
text = "Kamu telah berhasil 
dalam membantu Jack. 
Kamu mendapatkan
sebuah item."
__meta__ = {
"_edit_use_anchors_": false
}

[node name="Sprite" type="Sprite" parent="."]
position = Vector2( 504, 360 )
scale = Vector2( 3.32353, 3.08824 )
texture = ExtResource( 18 )

[node name="LinkButton" type="Label" parent="Sprite"]
margin_left = 21.6637
margin_top = -10.3619
margin_right = 141.664
margin_bottom = 3.6381
custom_colors/font_color = Color( 0, 0, 0, 1 )
text = "Serpihan Kenangan"

[node name="Label2" type="Label" parent="."]
margin_left = 608.0
margin_top = 384.0
margin_right = 943.0
margin_bottom = 413.0
custom_fonts/font = SubResource( 2 )
custom_colors/font_color = Color( 0, 0, 0, 1 )
text = "\"Hutan Kue. Kucing Hitam.\""
__meta__ = {
"_edit_use_anchors_": false
}

[node name="Done" type="Button" parent="."]
margin_left = 528.0
margin_top = 456.0
margin_right = 888.0
margin_bottom = 517.0
custom_fonts/font = SubResource( 3 )
text = "Level Selanjutnya"
script = ExtResource( 21 )
__meta__ = {
"_edit_use_anchors_": false
}
scene_to_load = "Level2"

[node name="AudioStreamPlayer2D" type="AudioStreamPlayer2D" parent="."]
stream = ExtResource( 22 )
volume_db = 2.144
autoplay = true
[connection signal="pressed" from="Done" to="Done" method="_on_Done_pressed"]
